 Dungeon Crawl Stone Soup version 0.20-a0-622-g01f5896 (webtiles) character file.

1255 AlphabetPasta the Thaumaturge (level 8, -26/52 HPs)
             Began as a Mummy Wanderer on Feb 9, 2017.
             Was an Initiate of Kikubaaqudgha.
             Killed from afar by a steam dragon (30 damage)
             ... with a ball of steam
             ... on level 7 of the Dungeon.
             The game lasted 00:30:23 (5531 turns).

AlphabetPasta the Thaumaturge (Mummy Wanderer)      Turns: 5531, Time: 00:30:23

Health: -26/52     AC:  3    Str: 13    XL:     8   Next: 26%
Magic:  13/21      EV: 13    Int: 14    God:    Kikubaaqudgha [......]
Gold:   420        SH:  0    Dex: 13    Spells: 12/25 levels left

rFire    x . .     SeeInvis .   f - +0 hand axe
rCold    + . .     Gourm    .   j - +0 robe (curse)
rNeg     + + +     Faith    .   (no shield)
rPois    ∞         Spirit   .   g - +0 helmet
rElec    .         Reflect  .   (no cloak)
rCorr    .         Harm     .   (no gloves)
MR       +....                  (no boots)
Stlth    +.........             (no amulet)
Regen    0.2/turn               (no ring)
                                (no ring)

@: no status effects
A: no food or potions, fire vulnerability, cold resistance 1, negative energy
resistance 3, torment resistance, unbreathing
a: Renounce Religion


You were on level 7 of the Dungeon.
You worshipped Kikubaaqudgha.
Kikubaaqudgha was noncommittal.
You were not hungry.

You visited 1 branch of the dungeon, and saw 7 of its levels.

You collected 420 gold pieces.

Inventory:

Hand Weapons
 d - a +0 dagger
 f - a +0 hand axe (weapon)
Armour
 c - a +1 robe
 g - a +0 helmet (worn)
 j - a cursed +0 robe (worn)
Wands
 n - a wand of iceblast (5/15)
Scrolls
 b - 3 scrolls of teleportation
 e - 4 scrolls of identify
 h - a scroll of enchant weapon
 i - a scroll of enchant armour
Books
 a - a book of Necromancy

   Spells                             Type                      Level
   a - Pain                           Necromancy                   1
   b - Animate Skeleton               Necromancy                   1
   c - Vampiric Draining              Necromancy                   3
   d - Regeneration                   Charms/Necromancy            3
   e - Animate Dead                   Necromancy                   4
   f - Control Undead                 Necromancy                   4


   Skills:
 + Level 0.2 Fighting
 - Level 3.0 Dodging
   Level 1.0 Shields
 * Level 9.3 Spellcasting
 * Level 6.2 Necromancy
   Level 1.0 Ice Magic
   Level 1.0 Earth Magic
 + Level 2.2 Evocations


You had 12 spell levels left.
You knew the following spells:

 Your Spells              Type           Power        Failure   Level  Hunger
a - Pain                  Necr           ###.         1%          1    N/A
b - Animate Skeleton      Necr           N/A          1%          1    N/A
c - Vampiric Draining     Necr           ###.......   2%          3    N/A
d - Animate Dead          Necr           N/A          10%         4    N/A
e - Control Undead        Necr           ###.......   10%         4    N/A

Dungeon Overview and Level Annotations

Branches:
Dungeon (7/15)
 Temple: D:4-7

Altars:
Cheibriados
Fedhas
Kikubaaqudgha
Xom
Yredelemnul

Shops:
D:6 ?

Annotations:
D:5 Kaishin's ghost, novice OpIE


Innate Abilities, Weirdness & Mutations

You do not eat or drink.
Your flesh is vulnerable to fire.
You are immune to poison.
Your flesh is cold resistant. (rC+)
You are immune to negative energy. (rN+++)
You are immune to unholy pain and torment.
You can survive without breathing.


Message History

Casting: Pain
Confirm with . or Enter, or press ? or * to list all spells.
Aiming: Pain
Press: ? - help, Shift-Dir - straight line, f/p - steam dragon
Aim: a steam dragon (heavily wounded, chance to defeat MR: 83%)
The steam dragon writhes in agony!
The steam dragon bites you but does no damage.
The steam dragon claws you.
* * * LOW HITPOINT WARNING * * *
Casting: Pain
Confirm with . or Enter, or press ? or * to list all spells.
Aiming: Pain
Press: ? - help, Shift-Dir - straight line, f/p - steam dragon
Aim: a steam dragon (severely wounded, chance to defeat MR: 83%)
The steam dragon writhes in agony!
The steam dragon breathes steam at you. The ball of steam hits you!
The steam scalds you terribly!
Ouch! That really hurt!
You die...
Kikubaaqudgha rasps: "You have failed me!
Welcome... oblivion!"

##. #.. #..
#..
####..###
.....[.#
##....###.#
#...@.....##
##.D<.......
##.########
#. #. #+


You could see a steam dragon.

Vanquished Creatures
  Sigmund (D:4)
  A sky beast (D:5)
  An orc warrior (D:6)
  A centaur (D:6)
  2 bullfrogs (D:6)
  A scorpion (D:4)
  2 wights (D:6)
  2 crimson imps (D:6)
  2 centaur skeletons (D:5)
  2 orc priests
  A bullfrog skeleton (D:5)
  An iguana (D:6)
  3 orc wizards
  2 worker ants
  7 adders
  2 worms
  A dart slug (D:1)
  3 leopard geckos
  8 orcs
  5 bats
  4 giant cockroaches
  5 goblins
  8 hobgoblins
  17 jackals
  A quokka (D:4)
  A ball python (D:4)
  4 frilled lizards
  A jackal zombie (D:6)
  7 kobolds
  A quokka skeleton (D:4)
  A quokka zombie (D:6)
  14 rats
112 creatures vanquished.

Vanquished Creatures (collateral kills)
  A wight (D:6)
  A hound (D:6)
  A bat (D:1)
3 creatures vanquished.

Vanquished Creatures (others)
  A human (D:6)
1 creature vanquished.

Grand Total: 116 creatures vanquished

Notes
Turn   | Place    | Note
-------+----------+-------------------------------------------
     0 | D:1      | AlphabetPasta the Mummy Wanderer began the quest for the Orb.
     0 | D:1      | AlphabetPasta set off with: a book of Necromancy, a scroll of teleportation, a +0 robe, a +0 dagger
     0 | D:1      | Reached XP level 1. HP: 13/13 MP: 6/6
     2 | D:1      | Learned a level 1 spell: Animate Skeleton
     4 | D:1      | Learned a level 1 spell: Pain
   221 | D:1      | Reached XP level 2. HP: 18/19 MP: 4/8
   539 | D:1      | Reached skill level 1 in Dodging
   598 | D:2      | Learned a level 1 spell: Animate Skeleton
   637 | D:2      | Reached XP level 3. HP: 19/24 MP: 3/10
   911 | D:2      | Found a shimmering altar of Xom.
   981 | D:2      | Learned a level 3 spell: Vampiric Draining
  1281 | D:3      | Reached skill level 6 in Spellcasting
  1281 | D:3      | Reached XP level 4. HP: 28/30 MP: 4/12
  1283 | D:3      | Upgraded the game from 0.20-a0-616-gad7b6bd to 0.20-a0-622-g01f5896
  2039 | D:3      | Reached XP level 5. HP: 33/35 MP: 9/13
  2287 | D:3      | Learned a level 4 spell: Animate Dead
  2288 | D:4      | Noticed Sigmund
  2496 | D:4      | Killed Sigmund
  2496 | D:4      | Reached skill level 7 in Spellcasting
  2496 | D:4      | Reached XP level 6. HP: 31/41 MP: 2/16
  2879 | D:4      | Found a blossoming altar of Fedhas.
  2879 | D:4      | Found a basalt altar of Yredelemnul.
  2879 | D:4      | Found a snail-covered altar of Cheibriados.
  2882 | D:4      | Found an ancient bone altar of Kikubaaqudgha.
  2890 | D:4      | Became a worshipper of Kikubaaqudgha
  3124 | D:5      | Entered Level 5 of the Dungeon
  3124 | D:5      | Noticed Kaishin's ghost (novice OpIE)
  3257 | D:5      | Noticed a sky beast
  3276 | D:5      | Killed a sky beast
  3625 | D:5      | Noticed an ice beast
  3728 | D:5      | Reached skill level 5 in Necromancy
  3728 | D:5      | Reached XP level 7. HP: 38/46 MP: 6/18
  4155 | D:5      | Reached skill level 8 in Spellcasting
  4163 | D:5      | Learned a level 4 spell: Control Undead
  4785 | D:6      | Found an ancient bone altar of Kikubaaqudgha.
  4786 | D:6      | Noticed a human
  4789 | D:6      | Killed a human
  4910 | D:6      | Reached XP level 8. HP: 52/52 MP: 20/20
  4915 | D:6      | Reached skill level 9 in Spellcasting
  4963 | D:6      | Found Hawny's Magic Scroll Shop.
  5531 | D:7      | Killed from afar by a steam dragon

Vault maps used:
D:1:      doesnt_arrival_eight_statues, minmay_misc_feat_cross
D:2:      old_standard_altar, minmay_heptomino_w4
D:3:      serial_forest, infiniplex_forest_clump_double,
          infiniplex_forest_clump_small, infiniplex_forest_clump_medium,
          infiniplex_forest_lined_room_, infiniplex_forest_corner_1,
          infiniplex_forest_side_room, infiniplex_forest_lined_room_,
          infiniplex_forest_corner_1, grunt_decor_cap
D:4:      grunt_temple_overflow_open, kennysheep_generic_room_12, uniq_sigmund
D:5:      first_bread
D:6:      serial_shops, shop, tgw_kikubaaqudgha
D:7:      minmay_temple_entry_overgrown, grunt_livestock, grunt_qazlal_sundering

Skill      XL: |  1  2  3  4  5  6  7  8 |
---------------+-------------------------+-----
Dodging        | 1 2 3 |  3.0
Necromancy     | 3 4 5 6 |  6.2
Spellcasting   | 6 7 8 9 |  9.3
Evocations     | 2 |  2.2
Fighting       | |  0.2
Shields        | |  1.0
Ice Magic      | |  1.0
Earth Magic    | |  1.0

Action                   |  1- 3 |  4- 6 |  7- 9 || total
-------------------------+-------+-------+-------++-------
Melee: Dagger            |    61 |    37 |       ||    98
       Hand axe          |       |       |    81 ||    81
 Cast: Pain              |    57 |   126 |    66 ||   249
       Animate Skeleton  |     2 |       |     1 ||     3
       Vampiric Draining |     1 |       |       ||     1
       Animate Dead      |       |       |     1 ||     1
Evoke: Wand              |       |       |     5 ||     5
  Use: Scroll            |     3 |     8 |       ||    11
 Stab: Sleeping          |     2 |       |       ||     2
Armor: Robe              |    20 |    35 |    28 ||    83
Dodge: Dodged            |    49 |    56 |    93 ||   198
